 Dungeon Crawl Stone Soup version 0.29.1-13-g9f3cf754e1 (webtiles) character file.

Game seed: 1668503214882692136

464 Sanktem7 the Trooper (level 6, -2/58 HPs)
             Began as a Minotaur Fighter on Jan 23, 2023.
             Was an Initiate of Okawaru.
             Succumbed to a scorpion's poison
             ... on level 5 of the Dungeon.
             The game lasted 00:04:48 (3811 turns).

Sanktem7 the Trooper (Minotaur Fighter)             Turns: 3811, Time: 00:04:49

Health: -2/58      AC:  7    Str: 22    XL:     6   Next: 80%
Magic:  5/5        EV:  9    Int:  5    God:    Okawaru [......]
Gold:   147        SH:  4    Dex: 10    Spells: 5/5 levels left

rFire   . . .      SeeInvis .   a - +0 war axe {axe}
rCold   . . .      Faith    .   c - +0 buckler
rNeg    . . .      Spirit   .   b - +0 scale mail
rPois   .          Reflect  .   (helmet restricted)
rElec   .          Harm     .   (no cloak)
rCorr   .          Rampage  .   (no gloves)
Will    .....                   (no boots)
Stlth   ..........              (no amulet)
HPRegen 0.19/turn               (no ring)
MPRegen 0.09/turn               (no ring)

@: lethally poisoned (-2 -> -13)
A: horns 2, retaliatory headbutt
a: Renounce Religion


You were on level 5 of the Dungeon.
You worshipped Okawaru.
Okawaru was noncommittal.
You visited 2 branches of the dungeon, and saw 6 of its levels.

You collected 147 gold pieces.


Innate Abilities, Weirdness & Mutations

You have a pair of horns on your head.
You reflexively headbutt those who attack you in melee.


   Skills:
 * Level 6.6 Fighting
 * Level 5.8 Axes
 + Level 5.2 Armour
 - Level 3.6 Shields


You had 5 spell levels left.
You didn't know any spells.
Your spell library contained the following spells:

 Spells                   Type           Power      Damage    Failure   Level
 Apportation              Tloc           0%         N/A       86%         1
 Magic Dart               Conj           0%         1d3       86%         1
 Necrotise                Necr           0%         1d4       86%         1
 Mephitic Cloud           Conj/Pois/Air  0%         N/A       99%         3
 Summon Small Mammal      Summ           Unusable   N/A       N/A         1
 Call Imp                 Summ           Unusable   N/A       N/A         2

Inventory:

Hand Weapons
 a - a +0 war axe (weapon) {axe}
 v - a +0 dagger of draining {short}
   (You took it off an orc on level 3 of the Dungeon)
 y - a +2 dagger of protection {short}
   (You took it off a goblin on level 4 of the Dungeon)
Missiles
 h - 54 stones (quivered) {throwing}
 q - 8 poisoned darts {throwing}
 u - 2 boomerangs of dispersal {=f!fthrowing}
Armour
 b - a +0 scale mail (worn)
 c - a +0 buckler (worn)
Jewellery
 e - a ring of protection from cold
   (You found it on level 1 of the Dungeon)
 k - a ring of poison resistance
   (You found it on level 1 of the Dungeon)
 r - a ring of ice
   (You found it on level 2 of the Dungeon)
 x - an amulet of guardian spirit
   (You found it on level 4 of the Dungeon)
Scrolls
 g - 2 scrolls of magic mapping {unknown}
 i - a scroll of poison {unknown}
 j - a scroll of blinking {unknown}
 l - 10 scrolls of identify {unknown}
 n - 2 scrolls of teleportation {unknown}
 p - 2 scrolls of immolation {unknown}
 t - a scroll of torment {unknown}
 w - a scroll of enchant armour {unknown}
Potions
 d - 4 potions of might
 f - 2 potions of magic {unknown}
 m - a potion of brilliance {unknown}
 o - a potion of invisibility {unknown}
 s - a potion of attraction {unknown}
 z - a potion of curing {unknown}
 A - a potion of lignification {unknown}
 B - a potion of degeneration {unknown}

Dungeon Overview and Level Annotations

Branches:
Dungeon (5/15) Zot: 26194  Temple (1/1) D:4 Zot: 5938

Altars:
Elyvilon
Makhleb
Okawaru
Ru
Wu Jian
Zin

#.........#
#.#.#.#.#.#
#.........#
###.#.#.#Y#.#
#...........#
#...#.#.#.#.#
#............
#..))@../.#
#...<.....#
#............
#.[...........
#..........##.
#....#######
#.... #....
.....


You could see an ice beast.


Message History

You closely miss the ice beast. You closely miss the orc.
You hit the scorpion but do no damage.
The scorpion stings you but does no damage.
The ice beast hits you. The ice beast freezes you! 😕 HP[-10]
You take 10 damage, and now have 44/57 hp.
You closely miss the ice beast. You hit the orc. You closely miss the scorpion.
You slash the orc!
You kill the orc!
Okawaru accepts your kill. The scorpion barely misses you.
The ice beast hits you but does no damage.
The scorpion stings you but does no damage.
The ice beast hits you. The ice beast freezes you. The orc barely misses you.
The orc hits you with a +0 short sword of electrocution. 😮 HP[-9]
You take 9 damage, and now have 35/57 hp.
You slash the ice beast! You barely miss the scorpion.
You hit the orc but do no damage. You hit the orc.
You kill the orc!
Okawaru accepts your kill.
The scorpion stings you but does no damage.
The orc hits you with a +0 mace.
The ice beast hits you but does no damage. 😮 HP[-1]
You take 1 damage, and now have 34/57 hp.
You hit the ice beast.
You kill the ice beast!
Okawaru accepts your kill.
You barely miss the orc. You barely miss the scorpion. You hit the orc.
You block the scorpion's attack. The orc closely misses you.
You furiously retaliate!
You headbutt the orc!
You kill the orc!
Okawaru accepts your kill. The orc barely misses you. The scorpion stings you.
You now have 58 max hp (+1).
The scorpion stings you.
You are poisoned.
The scorpion poisons you! The orc hits you with a +0 dagger.
* * * LOW HITPOINT WARNING * * *
😨 HP[-5]
You take 5 damage, and now have 29/58 hp.
You closely miss the scorpion.
You headbutt the scorpion, but do no damage.
You slash the orc!
You kill the orc!
Okawaru accepts your kill.
You feel very sick. The scorpion barely misses you. You furiously retaliate!
You headbutt the scorpion. The scorpion stings you.
* * * LOW HITPOINT WARNING * * *
😨 HP[-7]
You take 7 damage, and now have 22/58 hp.
You closely miss the scorpion.
You feel sick.
You block the scorpion's attack. 😨 HP[-2]
You take 2 damage, and now have 20/58 hp.
You hit the scorpion but do no damage. You headbutt the scorpion!
You feel sick. The scorpion closely misses you. The scorpion stings you.
* * * LOW HITPOINT WARNING * * *
😨 HP[-2]
You take 2 damage, and now have 18/58 hp.
You closely miss the scorpion. Your headbutt misses the scorpion.
You feel sick. The scorpion stings you.
* * * LOW HITPOINT WARNING * * *
You are more poisoned.
The scorpion poisons you! 😱 HP[-5]
You take 5 damage, and now have 13/58 hp.
You hit the scorpion. Your headbutt misses the scorpion.
* * * LOW HITPOINT WARNING * * *
You feel very sick. The scorpion barely misses you. You furiously retaliate!
You headbutt the scorpion.
The scorpion stings you but does no damage. 😱 HP[-3]
You take 3 damage, and now have 10/58 hp.
You barely miss the scorpion.
You feel sick.
An ice beast comes into view.
The scorpion barely misses you. You furiously retaliate!
You headbutt the scorpion, but do no damage. 😱 HP[-2]
You take 2 damage, and now have 8/58 hp.
You barely miss the scorpion. Your headbutt misses the scorpion.
You feel sick. The scorpion stings you.
* * * LOW HITPOINT WARNING * * *
You are lethally poisoned!
The scorpion poisons you!
The scorpion stings you but does no damage. 😱 HP[-3]
You take 3 damage, and now have 5/58 hp.
You barely miss the scorpion.
* * * LOW HITPOINT WARNING * * *
You feel very sick.
The scorpion barely misses you. 😱 HP[-3]
You take 3 damage, and now have 2/58 hp.
You slash the scorpion!
You kill the scorpion!
Okawaru accepts your kill.
You die...

Skill      XL: |  1  2  3  4  5  6 |
---------------+-------------------+-----
Fighting       | 4 5 6 |  6.6
Axes           | 3 4 5 |  5.8
Armour         | 4 5 |  5.2
Shields        | |  3.6

Action                   |  1- 3 |  4- 6 || total
-------------------------+-------+-------++-------
Melee: War axe           |    75 |    96 ||   171
       Headbutt          |    10 |    18 ||    28
Armor: Scale mail        |    32 |    47 ||    79
Dodge: Dodged            |    38 |    47 ||    85
Block: Buckler           |    16 |    31 ||    47

Levels and vault maps discovered:
D:1:      doesnt_arrival_eight_statues, layout_basic,
          shapermc_ecumenical_altar_mp_urbaneastern, palyth_stone_intersect,
          minmay_pentomino_p4
D:2:      layout_basic, minmay_misc_feat_iff
D:3:      layout_loops_cross, kennysheep_generic_room_4
D:4:      layout_cave_pods, minmay_temple_entry_stoned_glass, moated_statue,
          chequers_serial_rivers_micro_d
D:5:      layout_basic, overflow_temple_1_default, cheibrodos_ashenzari_chains,
          serial_glass, glass_columns_b, glass_columns_c, glass_columns_a,
          glass_columns_b, due_unseen_surprise, uniq_duvessa, uniq_eustachio
Temple:   hellmonk_temple_of_storms

Notes
Turn   | Place    | Note
-------+----------+-------------------------------------------
     0 | D:1      | Sanktem7 the Minotaur Fighter began the quest for the Orb.
     0 | D:1      | Reached XP level 1. HP: 19/19 MP: 0/0
     0 | D:1      | magus.rc [v1.9.6]
   688 | D:1      | Reached XP level 2. HP: 26/27 MP: 1/1
   697 | D:1      | You pick up a book of Minor Magic and begin reading...
   697 | D:1      | You add the spells Magic Dart, Call Imp and Mephitic Cloud
                  | to your library.
   801 | D:1      | Found a faded altar of an unknown god.
   859 | D:1      | Reached skill level 4 in Fighting
   965 | D:2      | Reached skill level 3 in Axes
  1170 | D:2      | You pick up a book of Cantrips and begin reading...
  1170 | D:2      | You add the spells Necrotise, Summon Small Mammal and
                  | Apportation to your library.
  1407 | D:2      | Reached XP level 3. HP: 33/34 MP: 2/2
  1554 | D:2      | You pick up a book of Minor Magic and begin reading...
  1773 | D:3      | Reached skill level 4 in Armour
  1857 | D:3      | Reached XP level 4. HP: 12/41 MP: 3/3
  2389 | D:3      | Reached skill level 4 in Axes
  2583 | D:4      | Noticed a phantom
  2596 | D:4      | Killed a phantom
  2597 | D:4      | Reached skill level 5 in Fighting
  2597 | D:4      | Reached XP level 5. HP: 44/48 MP: 4/4
  3217 | D:4      | Reached skill level 5 in Axes
  3271 | D:4      | Found a staircase to the Ecumenical Temple.
  3276 | D:4      | Noticed an ogre
  3281 | D:4      | Killed an ogre
  3282 | D:4      | Reached skill level 6 in Fighting
  3282 | D:4      | Reached XP level 6. HP: 46/57 MP: 5/5
  3289 | Temple   | Entered the Ecumenical Temple
  3343 | Temple   | Became a worshipper of Warmaster Okawaru
  3518 | D:4      | Reached skill level 5 in Armour
  3793 | D:5      | Entered Level 5 of the Dungeon
  3793 | D:5      | Noticed an ice beast
  3801 | D:5      | Killed an ice beast
  3806 | D:5      | HP: 13/58 [scorpion (3)]
  3808 | D:5      | Noticed an ice beast
  3809 | D:5      | HP: 6/58 [poisoned by a scorpion]
  3810 | D:5      | HP: 2/58 [poisoned by a scorpion]
  3811 | D:5      | Succumbed to a scorpion's poison

Vanquished Creatures
  An ice beast (D:5)
  An ogre (D:4)
  A phantom (D:4)
  A scorpion (D:5)
  A hound (D:4)
  An iguana (D:4)
  An orc wizard (D:3)
  3 adders
  2 ufetubi (D:4)
  2 worms
  A dart slug (D:4)
  12 orcs
  2 bats (D:2)
  6 endoplasms
  A giant cockroach (D:4)
  9 goblins
  A hobgoblin (D:1)
  9 jackals
  4 quokkas
  8 ball pythons
  2 frilled lizards
  4 kobolds
  4 rats
77 creatures vanquished.

Table legend:
 A = Non-vault XP
 B = Vault XP
 C = Vault XP percentage of total XP
 D = Non-vault monster count
 E = Vault monster count
 F = Vault count percentage of total count
                 A         B        C        D         E       F
            +---------+---------+-------+---------+---------+-------
      Total |     742 |       5 |   0.7 |      74 |       3 |   3.9
            +---------+---------+-------+---------+---------+-------
        D:1 |      13 |       5 |  27.8 |       8 |       3 |  27.3
        D:2 |      23 |       0 |   0.0 |      14 |       0 |   0.0
        D:3 |      90 |       0 |   0.0 |      16 |       0 |   0.0
        D:4 |     386 |       0 |   0.0 |      29 |       0 |   0.0
        D:5 |     230 |       0 |   0.0 |       7 |       0 |   0.0
            +---------+---------+-------+---------+---------+-------

Illustrated notes

Table legend:
 A = Kills in this place as a percentage of kills in entire the game.
 B = Kills by you in this place as a percentage of kills by you in the entire game.
 C = Kills by friends in this place as a percentage of kills by friends in the entire game.
 D = Other kills in this place as a percentage of other kills in the entire game.
 E = Experience gained in this place as a percentage of experience gained in the entire game.
 F = Experience gained in this place divided by the number of levels of this place that you have seen.
                   A       B       C       D       E      F
               +-------+-------+-------+-------+-------+----------------------
         Total | 100.0 | 100.0 |   N/A |   N/A | 100.0 | 124.5
       Dungeon | 100.0 | 100.0 |   N/A |   N/A | 100.0 | 149.4
               +-------+-------+-------+-------+-------+----------------------

Table legend: (Time is in decaauts)
 A = Elapsed time spent in this place.
 B = Non-inter-level travel time spent in this place.
 C = Inter-level travel time spent in this place.
 D = Time resting spent in this place.
 E = Time spent auto-exploring this place.
 F = Levels seen in this place.
 G = Mean time per level.
                   A        B        C        D        E       F      G
               +--------+--------+--------+--------+--------+-----+--------+
         Total |   3867 |   3785 |     82 |      0 |   3296 |   6 |  644.5 |
       Dungeon |   3805 |   3723 |     82 |      0 |   3249 |   5 |  761.0 |
        Temple |     61 |     61 |      0 |      0 |     47 |   1 |   61.0 |
               +--------+--------+--------+--------+--------+-----+--------+

Top non-repeatable levels by time:
     D:4: 1168 daAuts
     D:3: 990 daAuts
     D:1: 957 daAuts
     D:2: 667 daAuts
  Temple: 61 daAuts
     D:5: 21 daAuts
